 Dungeon Crawl Stone Soup version 0.30-a0-743-gbfdf073431 (webtiles) character file.

Game seed: 10567964559107660990

8927 jt the Blocker (level 11, 0/117 HPs)
             Began as an Ogre Reaver on Feb 5, 2023.
             Was a High Priest of Okawaru.
             Slain by an eight-headed hydra (8 damage)
             ... on level 1 of the Lair of Beasts.
             The game lasted 00:34:40 (11578 turns).

jt the Blocker (Ogre Reaver)                       Turns: 11578, Time: 00:34:41

Health: 0/117      AC:  7    Str: 20    XL:     11   Next: 38%
Magic:  13/15      EV: 11    Int: 16    God:    Okawaru [*****.]
Gold:   1123       SH: 19    Dex:  7    Spells: 10/15 levels left

rFire   + . .      SeeInvis .    a - +0 trident (elec)
rCold   . . .      Faith    .    F - +2 kite shield
rNeg    . . .      Spirit   .    D - +2 robe {rF+}
rPois   .          Reflect  +    (helmet restricted)
rElec   .          Harm     .    p - +1 cloak
rCorr   .          Rampage  .    (gloves unavailable)
Will    .....                    (boots unavailable)
Stlth   +++                      j - amulet of reflection
HPRegen 0.39/turn                (no ring)
MPRegen 0.14/turn                (no ring)

@: weak-willed, heroic, very slightly contaminated
A: large, unfitting armour, tough skin 1
a: Renounce Religion, Heroism, Finesse, Duel


You were on level 1 of the Lair of Beasts.
You worshipped Okawaru.
Okawaru was extremely pleased with you.
You visited 3 branches of the dungeon, and saw 12 of its levels.
You also visited: Ossuary.

You collected 1123 gold pieces.

Inventory:

Hand Weapons
 a - a +0 trident of electrocution (weapon)
 b - a +5 short sword
 f - a +0 antimagic spear
 g - the +4 quarterstaff "Vemerunu" {venom, rF++ rC+ rCorr SInv}
   (You found it on level 1 of the Lair of Beasts)

   rF:        It greatly protects you from fire.
   rC:        It protects you from cold.
   SInv:      It lets you see invisible.
   rCorr:     It protects you from acid and corrosion.
 h - a +2 trident of venom
 m - a +0 sling
 s - a +0 war axe
 t - a +7 vampiric dagger
 x - a +1 spear
 y - a +2 flail of venom
 K - a +0 broad axe
 L - a +5 flail
 M - a +0 trident of chaos
Missiles
 J - 2 boomerangs of dispersal (quivered)
Armour
 p - a +1 cloak (worn)
 B - a scarf of repulsion
 D - a +2 robe of fire resistance (worn)
 F - a +2 kite shield (worn)
Magical Staves
 G - a staff of poison
Jewellery
 j - an amulet of reflection (around neck)
 v - a ring of ice
Wands
 k - a wand of flame (2)
 l - a wand of polymorph (17)
 u - a wand of mindburst (1)
Scrolls
 e - a scroll of noise
 n - a scroll of poison
 q - a scroll of butterflies
 z - 5 scrolls of immolation
 I - a scroll of fog
Potions
 i - 3 potions of brilliance
 A - a potion of flight
 R - 2 potions of curing


   Skills:
 + Level 10.1(15.1) Fighting
 + Level 8.4(13.4) Polearms
 - Level 4.0(9.0) Dodging
 - Level 2.0(7.0) Stealth
 + Level 11.6(16.6) Shields
 + Level 2.9 Spellcasting
 + Level 3.0 Conjurations
 + Level 1.1 Translocations
 + Level 1.1 Transmutations
 + Level 3.1 Invocations
 + Level 2.2 Evocations


You had 10 spell levels left.
You knew the following spells:

 Your Spells              Type           Power      Damage    Failure   Level
a - Kiss of Death         Conj/Necr      28%        2d7       14%         1
b - Momentum Strike       Conj/Tloc      18%        3d8       17%         2
c - Wereblood             Tmut           5%         N/A       26%         2

Your spell library contained the following spells:

 Spells                   Type           Power      Damage    Failure   Level
 Sublimation of Blood     Necr           2%         N/A       38%         2
 Hailstorm                Conj/Ice       7%         3d4       41%         3
 Ignite Poison            Fire/Tmut/Pois 3%         N/A       56%         3
 Sticky Flame             Conj/Fire      7%         2d3       82%         4
 Ignition                 Fire           1%         3d3       100%        8
 Summon Hydra             Summ           Unusable   N/A       N/A         7

Dungeon Overview and Level Annotations

Branches:
Dungeon (9/15)             Temple (1/1) D:6            Lair (2/5) D:8
Ossuary (visited)
  Swamp: Lair:2-3    Shoals: Lair:2-3     Snake: Lair:2-3    Spider: Lair:2-3
    Orc: D:9-12

Altars:
Cheibriados
Fedhas
Gozag
Hepliaklqana
Okawaru
Ru
Xom
Yredelemnul

Shops:
D:1 [   D:9 (

Annotations:
D:3 1 runed translucent door, derval's ghost, amateur OpSu
D:7 2 transporters, 1 runed translucent door, Crazy Yiuf; caveywoolpert's ghost, novice DEEE


Innate Abilities, Weirdness & Mutations

You are too large for most types of armour.
You have tough skin. (AC +1)


Message History

Aim: an eight-headed hydra (severely wounded, weak-willed, 79% to hit)
You shoot a sling bullet.
The sling bullet hits the eight-headed hydra.
The eight-headed hydra is severely wounded.
Fire: m) +0 sling
Press: ? - help, Shift-Dir - straight line, f/p - eight-headed hydra
Aim: an eight-headed hydra (severely wounded, weak-willed, 79% to hit)
You shoot a sling bullet.
The sling bullet hits the eight-headed hydra.
The eight-headed hydra is almost dead.
You hear the crackle of electricity.
a - a +0 trident of electrocution (weapon)
Reach: a) +0 trident (elec)
Press: ? - help, Dir - move target, f - you, p - eight-headed hydra
Okay, then.
Casting: Momentum Strike (safe; 17% risk of failure)
Confirm with . or Enter, or press ? or * to list all spells.
Aiming: Momentum Strike (safe; 17% risk of failure)
Press: ? - help, Dir - move target, f/p - eight-headed hydra
Aim: an eight-headed hydra (severely wounded, weak-willed, 89% to hit)
You miscast Momentum Strike.
You are very lightly contaminated with residual magic.
Nothing appears to happen.
Reach: a) +0 trident (elec)
Press: ? - help, Dir - move target, f/p - eight-headed hydra
Aim: an eight-headed hydra (severely wounded, weak-willed, about 18% to evade your +0 trident of electrocution)
You reach to attack!
You barely miss the eight-headed hydra.
The eight-headed hydra is severely wounded.
You barely miss the eight-headed hydra.
The eight-headed hydra is severely wounded.
The eight-headed hydra bites you!
* * * LOW HITPOINT WARNING * * *
The eight-headed hydra closely misses you.
You block the eight-headed hydra's attack. x2
The eight-headed hydra bites you!
* * * LOW HITPOINT WARNING * * *
The eight-headed hydra bites you.
* * * LOW HITPOINT WARNING * * *
The eight-headed hydra bites you!
You die...

#.............† #..............
###......####....... ####.#......
#....... #...... .. ##.....P#
#.....# #......## #.....# ##
###.....##
#.....####.###.#.....P# ###
#....D@.)..............
##.########†.....................
.................................
.................................
.................................
##.###########.####.###..#####.##
### ### ### #### ##


You could see an eight-headed hydra (weak-willed).

Vanquished Creatures
  A boulder beetle (Lair:1)
  A cane toad (Lair:1)
  3 komodo dragons (Lair:1)
  A polar bear (Lair:1)
  A hornet (D:7)
  Grinder (D:5)
  4 blink frogs (Lair:1)
  2 wyverns (D:7)
  8 yaks
  Eustachio (D:6)
  Edmund (D:6)
  3 water moccasins
  2 wargs (D:8)
  Duvessa (D:5)
  2 orc warriors
  A sky beast (D:8)
  A black bear (D:7)
  An ice beast (D:7)
  5 wolves (Lair:1)
  An ogre (D:5)
  3 centaurs
  A phantom (D:7)
  An elf zombie (Ossuary)
  2 bullfrogs (Lair:1)
  A kobold brigand (D:8)
  2 gnoll sergeants
  A necrophage (D:7)
  A scorpion (D:5)
  8 wights
  Dowan (D:5)
  4 killer bees (D:7)
  A centaur zombie (Ossuary)
  2 jellies
  2 gnoll boudas
  7 orc priests
  2 hounds
  3 iguanas
  Ijyb (D:5)
  10 orc wizards
  2 mummies (Ossuary)
  Robin (D:2)
  8 adders
  15 gnolls
  5 white imps
  2 dart slugs
  40 orcs
  4 bats
  6 endoplasms
  3 giant cockroaches
  A gnoll zombie (Ossuary)
  12 goblins
  14 hobgoblins
  7 jackals (D:5)
  A quokka (D:2)
  7 ball pythons
  3 frilled lizards
  3 goblin zombies (Ossuary)
  3 hobgoblin zombies (Ossuary)
  12 kobolds
  5 orc zombies (Ossuary)
  2 rats (D:2)
250 creatures vanquished.

Vanquished Creatures (others)
  2 fungi (Lair:1)
  A plant (Lair:1)
3 creatures vanquished.

Grand Total: 253 creatures vanquished

Notes
Turn   | Place    | Note
-------+----------+-------------------------------------------
     0 | D:1      | jt the Ogre Reaver began the quest for the Orb.
     0 | D:1      | Reached XP level 1. HP: 22/22 MP: 3/3
     3 | D:1      | Noticed an electric eel
     4 | D:1      | Noticed an electric eel
   241 | D:1      | Found Hiedoys's Armour Emporium.
   380 | D:1      | Reached XP level 2. HP: 27/29 MP: 5/5
   385 | D:1      | Learned a level 2 spell: Momentum Strike
   494 | D:1      | Reached skill level 1 in Stealth
   819 | D:1      | Reached XP level 3. HP: 36/36 MP: 6/6
  1119 | D:2      | Found a faded altar of an unknown god.
  1147 | D:2      | Prayed at the altar of an unknown god.
  1147 | D:2      | Became a worshipper of Warmaster Okawaru
  1147 | D:2      | Reached * piety under Okawaru
  1269 | D:2      | Noticed Robin
  1324 | D:2      | Killed Robin
  1445 | D:2      | Reached XP level 4. HP: 45/45 MP: 7/7
  2139 | D:3      | Noticed derval's ghost (amateur OpSu)
  2140 | D:3      | Found a runed translucent door.
  3209 | D:4      | Reached XP level 5. HP: 41/52 MP: 8/8
  3344 | D:4      | Learned a level 2 spell: Wereblood
  3351 | D:4      | Found a sand-covered staircase.
  3359 | Ossuary  | Entered an ossuary
  3547 | Ossuary  | Reached ** piety under Okawaru
  3548 | Ossuary  | Reached skill level 5 in Fighting
  3548 | Ossuary  | Reached skill level 5 in Polearms
  3548 | Ossuary  | Reached XP level 6. HP: 34/66 MP: 9/9
  4132 | D:4      | Found an opulent altar of Gozag.
  4367 | D:4      | Reached XP level 7. HP: 26/74 MP: 10/10
  4768 | D:5      | Entered Level 5 of the Dungeon
  5158 | D:5      | Noticed Grinder
  5159 | D:5      | Noticed Dowan
  5160 | D:5      | Noticed Duvessa
  5167 | D:5      | Noticed Ijyb
  5168 | D:5      | Killed Duvessa
  5168 | D:5      | Reached *** piety under Okawaru
  5174 | D:5      | Killed Dowan
  5175 | D:5      | Reached XP level 8. HP: 36/87 MP: 8/11
  5176 | D:5      | Killed Grinder
  5177 | D:5      | Reached skill level 1 in Invocations
  5177 | D:5      | Reached skill level 1 in Evocations
  5422 | D:5      | Killed Ijyb
  5724 | D:6      | Found a staircase to the Ecumenical Temple.
  5733 | Temple   | Entered the Ecumenical Temple
  5796 | D:6      | Noticed Eustachio
  5818 | D:6      | Killed Eustachio
  5818 | D:6      | Reached **** piety under Okawaru
  6080 | D:6      | Found a shimmering altar of Xom.
  6383 | D:6      | Noticed Edmund
  6390 | D:6      | Killed Edmund
  6557 | D:6      | Reached skill level 1 in Shields
  6948 | D:7      | Found a transporter.
  6949 | D:7      | Noticed caveywoolpert's ghost (novice DEEE)
  6956 | D:7      | Noticed a moth of wrath
  6978 | D:7      | Reached skill level 2 in Shields
  6988 | D:7      | Reached XP level 9. HP: 40/96 MP: 12/12
  6989 | D:7      | Reached skill level 3 in Shields
  7231 | D:7      | Reached skill level 4 in Shields
  7350 | D:7      | Found a transporter.
  7568 | D:7      | Reached skill level 5 in Shields
  7851 | D:7      | Reached skill level 6 in Shields
  8087 | D:7      | Reached skill level 7 in Shields
  8115 | D:7      | Noticed a hornet
  8124 | D:7      | Killed a hornet
  8155 | D:7      | Reached skill level 8 in Shields
  8368 | D:7      | Found a runed translucent door.
  8369 | D:7      | Noticed Crazy Yiuf
  8548 | D:7      | Reached XP level 10. HP: 95/104 MP: 13/13
  8579 | D:7      | Reached skill level 9 in Shields
  9353 | D:8      | Found a sacrificial altar of Ru.
  9440 | D:8      | Reached skill level 10 in Shields
  9452 | D:8      | Found a staircase to the Lair.
 10500 | D:9      | Found Vuyt Dag's Weapon Shoppe.
 10587 | Lair:1   | Entered Level 1 of the Lair of Beasts
 10807 | Lair:1   | Noticed a cane toad
 10818 | Lair:1   | Killed a cane toad
 10838 | Lair:1   | Reached skill level 11 in Shields
 11020 | Lair:1   | Identified the +4 quarterstaff "Vemerunu" {venom, rF++ rC+
                  | rCorr SInv}
 11054 | Lair:1   | Noticed an elephant
 11060 | Lair:1   | Noticed an elephant
 11067 | Lair:1   | Noticed an elephant
 11069 | Lair:1   | Noticed an elephant
 11070 | Lair:1   | Noticed an elephant
 11070 | Lair:1   | Noticed an elephant
 11082 | Lair:1   | Noticed a boulder beetle
 11093 | Lair:1   | Reached ***** piety under Okawaru
 11102 | Lair:1   | Reached XP level 11. HP: 33/115 MP: 11/14
 11110 | Lair:1   | Killed a boulder beetle
 11143 | Lair:1   | Reached skill level 10 in Fighting
 11441 | Lair:1   | Received a gift from Okawaru
 11442 | Lair:1   | Reached skill level 1 in Translocations
 11457 | Lair:1   | Reached skill level 1 in Transmutations
 11494 | Lair:1   | Noticed an eight-headed hydra
 11578 | Lair:1   | Slain by an eight-headed hydra

Illustrated notes

Levels and vault maps discovered:
D:1:      arrival_aquarium_b, layout_basic, serial_shops, shop_statue,
          reono_crystal_passage, minmay_pentomino_r2
D:2:      wander_river, layout_basic, shapermc_ecumenical_altar_starsandcircs,
          uniq_robin
D:3:      layout_loops_corners, hellmonk_ghost_happy_afterlife, hex_tiny
D:4:      layout_loops_ring, general_overflow_altar,
          nicolae_ossuary_entry_monument
D:5:      layout_loops_cross, uniq_grinder, uniq_ijyb, uniq_duvessa
D:6:      layout_cave_pools, xom_teletrap_fun, minmay_temple_entry_sparse_star,
          grunt_decor_junction, lemuel_flamethrower_2, uniq_edmund,
          uniq_eustachio
D:7:      minmay_polygon_palace, layout_basic, serial_curves, eino_curves_04,
          eino_curves_03, gammafunk_ghost_berserking_beasts,
          uniq_crazy_yiuf_cottage
D:8:      layout_basic, mainiacjoe_overflow_boulevard, erik_lair_orcish_takeover
D:9:      layout_gridville, serial_shops, nicolae_shop_waterfront,
          amcnicky_mini_corridor_feature, hangedman_corner_corridor
Temple:   dpeg_five_rooms_temple
Lair:1:   dreamdust_cave_troll, layout_cellular_growth
Lair:2:   layout_concentric_octagons, minmay_shoals_entry_hut,
          infiniplex_staircase_pool_2

Skill      XL: |  1  2  3  4  5  6  7  8  9 10 11 |
---------------+----------------------------------+-----
Stealth        | 1 2 |  2.0
Fighting       | 3 5 7 8 9 10 | 10.1
Polearms       | 4 5 6 7 8 |  8.4
Dodging        | 2 3 4 |  4.0
Invocations    | 3 |  3.1
Evocations     | 2 |  2.2
Shields        | 2 8 11 | 11.6
Translocations | 1 |  1.1
Conjurations   | 3 |  3.0
Transmutations | 1 |  1.1
Spellcasting   | |  2.9

Action                     |  1- 3 |  4- 6 |  7- 9 | 10-12 || total
---------------------------+-------+-------+-------+-------++-------
  Melee: Spear             |   150 |   358 |     7 |       ||   515
         Punch             |     1 |       |     4 |       ||     5
         Trident           |       |       |   310 |   330 ||   640
         Broad axe         |       |       |       |    13 ||    13
   Fire: Sling             |       |       |       |     3 ||     3
  Throw: Stone             |     3 |    13 |     3 |    28 ||    47
         Javelin           |       |     1 |     5 |     3 ||     9
         Boomerang         |       |       |    14 |     4 ||    18
         Dart              |       |       |       |     7 ||     7
   Cast: Momentum Strike   |     1 |    15 |    17 |    11 ||    44
         Kiss of Death     |       |     2 |     1 |       ||     3
 Invoke: Heroism           |       |       |     5 |     8 ||    13
  Evoke: Wand              |       |     1 |    15 |    17 ||    33
    Use: Potion            |     2 |       |     5 |     5 ||    12
         Scroll            |     1 |     4 |     7 |    12 ||    24
   Stab: Sleeping          |     1 |     6 |     1 |       ||     8
         Distracted        |       |       |       |     1 ||     1
         Paralysed         |       |       |       |     1 ||     1
         Invisible         |       |       |       |     1 ||     1
 Armour: Robe              |    39 |    82 |    82 |    47 ||   250
         Skin              |       |       |       |    51 ||    51
  Dodge: Dodged            |    44 |   105 |   156 |    57 ||   362
  Block: Other             |    24 |    47 |    56 |       ||   127
         Reflection        |     2 |     1 |     2 |     5 ||    10
         Kite shield       |       |       |    73 |   263 ||   336

Table legend: (Time is in decaauts)
 A = Elapsed time spent in this place.
 B = Non-inter-level travel time spent in this place.
 C = Inter-level travel time spent in this place.
 D = Time resting spent in this place.
 E = Time spent auto-exploring this place.
 F = Levels seen in this place.
 G = Mean time per level.
                   A        B        C        D        E       F      G
               +--------+--------+--------+--------+--------+-----+--------+
         Total |  11499 |  11271 |    228 |   3720 |   4242 |  13 |  884.5 |
       Dungeon |   9727 |   9528 |    199 |   2650 |   4139 |   9 | 1080.8 |
        Temple |    268 |    239 |     29 |    203 |      0 |   1 |  268.0 |
          Lair |    949 |    949 |      0 |    570 |     15 |   2 |  474.5 |
       Ossuary |    554 |    554 |      0 |    297 |     88 |   1 |  554.0 |
               +--------+--------+--------+--------+--------+-----+--------+

Top non-repeatable levels by time:
     D:7: 2114 daAuts
     D:8: 1329 daAuts
     D:3: 1209 daAuts
     D:4: 1196 daAuts
     D:6: 1099 daAuts
     D:1: 1015 daAuts
     D:2: 948 daAuts
  Lair:1: 947 daAuts
     D:5: 745 daAuts
 Ossuary: 554 daAuts
  Temple: 268 daAuts
     D:9: 69 daAuts
  Lair:2: 1 daAuts
